 Dungeon Crawl Stone Soup version 0.14-a0-1663-g0b35444 (webtiles) character file.

245 M4edhros the Stinger (level 5, -4/31 HPs)
             Began as an Octopode Venom Mage on Dec 28, 2013.
             Slain by an orc
             ... wielding a -1,+0 orcish dagger
              (7 damage)
             ... on Level 3 of the Dungeon.
             The game lasted 00:03:30 (2289 turns).

M4edhros the Stinger (Octopode Venom Mage)          Turns: 2289, Time: 00:03:31

HP  -4/31        AC  1     Str  7      XL: 5   Next: 12%
MP   2/11        EV 12     Int 18      God:
Gold 117         SH  0     Dex 13      Spells:  3 memorised,  4 levels left

rFire  . . .     SeeInvis .     g - +1,+0 short sword (venom)
rCold  . . .     Clarity  .     (no shield)
rNeg   . . .     Conserve .     (helmet restricted)
rPois  .         rCorr    .     (no amulet)
rElec  .         rRot     .     (no ring)
SustAb . .       Spirit   .     (no ring)
rMut   .         Warding  .     (no ring)
Saprov . . .     Stasis   .     (no ring)
                                (no ring)
                                (no ring)
                                (no ring)
                                (no ring)

@: confused, slightly resistant to hostile enchantments, fairly stealthy
A: almost no armour, amphibious, 8 rings, constrict 8, camouflage 1, gelatinous
body 1
a: no special abilities


You were on level 3 of the Dungeon.
You were not hungry.

You visited 1 branch of the dungeon, and saw 3 of its levels.

You collected 117 gold pieces.

Inventory:

Hand weapons
 g - a +1,+0 short sword of venom (weapon)
Comestibles
 f - 3 bread rations
Scrolls
 a - a scroll of amnesia {unknown}
 d - a scroll of remove curse {unknown}
 e - 2 scrolls of identify
 h - 3 scrolls of curse jewellery
 i - a scroll of enchant armour {unknown}
 j - a scroll of noise {unknown}
 m - a scroll of magic mapping
Jewellery
 k - an uncursed ring of flight {unknown}
Books
 b - a Young Poisoner's Handbook

   Spells                             Type                      Level
   *Sting                             Conjuration/Poison           1
   Cure Poison                        Poison                       2
   *Mephitic Cloud                    Conjuration/Poison/Air       3
   Olgreb's Toxic Radiance            Poison                       4
   Venom Bolt                         Conjuration/Poison           5
 c - a book of Transfigurations

   Spells                             Type                      Level
   *Stoneskin                         Transmutation/Earth          2
   Ice Form                           Ice/Transmutation            4
   Statue Form                        Transmutation/Earth          6
   Dragon Form                        Transmutation                7


   Skills:
 - Level 2.0 Dodging
 - Level 2.6 Stealth
 + Level 3.1 Spellcasting
 + Level 2.4 Conjurations
 + Level 5.9 Poison Magic


You had 4 spell levels left.
You knew the following spells:

 Your Spells              Type           Power        Failure   Level  Hunger
a - Sting                 Conj/Pois      ###.         3%          1    None
b - Stoneskin             Trmt/Erth      #.........   28%         2    ##.....
c - Mephitic Cloud        Conj/Pois/Air  ##......     17%         3    ###....


Dungeon Overview and Level Annotations

Branches:
Dungeon (3/16)

Altars:


Innate Abilities, Weirdness & Mutations

You cannot wear most types of armour.
You are amphibious.
You can wear up to eight rings at the same time.
You can use your tentacles to constrict many enemies at once.
Your skin changes colour to match your surroundings (Stlth).
Your rubbery body absorbs attacks (AC +1).


Message History

Confirm with . or Enter, or press ? or * to list all spells.
Aiming: Mephitic Cloud
Press: ? - help, Shift-Dir - straight line, f - orc, p - orc priest
Aim: an orc, wielding an orcish dagger and wearing an orcish leather armour That beam is likely to hit you.
Continue anyway?
The beam explodes into a vile cloud!
The stinking cloud engulfs the orc.
The stinking cloud engulfs you!
The stinking cloud engulfs the bat.
The stinking cloud engulfs the orc priest.
The orc priest is almost dead.
You are engulfed in noxious fumes.
You choke on the stench!
You are confused.
* * * LOW HITPOINT WARNING * * *
You constrict the orc priest, but do no damage.
The bat is engulfed in noxious fumes.
The bat appears confused.
The bat barely misses the orc wizard.
The bat is engulfed in noxious fumes.
The bat appears confused.
The bat is engulfed in noxious fumes.
The bat appears confused.
The bat hits the orc priest but does no damage.
The orc hits you with an orcish dagger!
You die...

... .##.# #.# ....
..#.# #.# . ### #.#.#
#.# .# #.#.# #.# o#
#######.#.## #.# .#
#..........# #.# .#
##..........# #.# .#
............###o###.#
................@ob.#.#
.................oo..!#
............###.###.###
..#########....... ...
..# #.###.###.### ..#
#.. ... .. ..# #.. ...
.. ..# #..##.## .#. . .
.#.


You could see an orc priest, an orc wizard, 2 orcs and a bat (confused).

Vanquished Creatures
  5 adders
  3 gnolls (D:3)
  3 oozes
  An orc (D:3)
  2 giant cockroaches (D:1)
  8 hobgoblins
  3 kobolds
  8 bats
  3 giant geckos
  2 giant newts
  7 goblins
  5 rats
50 creatures vanquished.

Notes
Turn   | Place    | Note
--------------------------------------------------------------
     0 | D:1      | M4edhros, the Octopode Venom Mage, began the quest for the Orb.
     0 | D:1      | Reached XP level 1. HP: 11/11 MP: 3/3
   129 | D:1      | Reached skill level 5 in Poison Magic
   129 | D:1      | Reached XP level 2. HP: 15/17 MP: 0/4
   176 | D:1      | Reached skill level 1 in Conjurations
   712 | D:2      | Reached XP level 3. HP: 16/21 MP: 0/6
  1341 | D:2      | Reached XP level 4. HP: 27/27 MP: 2/8
  1752 | D:2      | Learned a level 2 spell: Stoneskin
  1756 | D:2      | Learned a level 3 spell: Mephitic Cloud
  2152 | D:3      | Reached XP level 5. HP: 31/31 MP: 1/11
  2289 | D:3      | Slain by an orc

Action                   |  1- 3 |  4- 6 || total
-------------------------+-------+-------++-------
Melee: Unarmed           |    26 |       ||    26
       Short sword       |    18 |    24 ||    42
 Cast: Sting             |    62 |    38 ||   100
       Mephitic Cloud    |       |     1 ||     1
  Use: Scroll            |     6 |       ||     6
       Potion            |     1 |     3 ||     4
 Stab: Sleeping          |       |     1 ||     1
